Map: Pillars of Gold LE

Players

RuloX

  • Race: Terran Terran
  • League: Platinum
  • Spawn Location: 7:00

SoberLaaku - Winner!

  • Race: Zerg Zerg
  • League: Platinum
  • Spawn Location: 1:00

VOD

Have the link to the VOD?

Description

Time

  • Played on: Sept. 27, 2020, 5:33 p.m.
  • Length: 5:49
Show
View Real Time Build Order
Export as new Build Order

RuloX Terran 

Build Orders: Hellion Opening 

Get SALT Encoding   

  12  0:02  SCV  
  13  0:14  SCV  
  14  0:22  Supply Depot  
  14  0:26  SCV  
  15  0:30  Refinery  
  15  0:44  SCV  
  15  0:48  Barracks  
  16  0:57  SCV  
  17  1:09  SCV, Supply Depot  
  18  1:21  SCV  
  19  1:35  Orbital Command  
  19  1:37  Reaper  
  20  1:41  Bunker  
  20  1:52  Factory  
  20  2:00  SCV  
  21  2:11  Barracks Reactor  
  21  2:12  SCV  
  22  2:23  Refinery  
  22  2:31  Command Center  
  22  2:49  Armory  
  22  2:56  SCV  
  23  2:58  Barracks Tech Lab  
  23  2:59  Hellion  
  23  3:00  Hellion  
  27  3:08  SCV  
  28  3:20  SCV  
  28  3:23  Hellion  
  31  3:30  Hellion, Marine  
  34  3:48  Marine  
  35  3:49  SCV  
  35  3:50  Orbital Command  
  35  3:53  Hellion  
  35  3:54  Hellion  
  40  4:02  SCV  
  41  4:04  Starport  
  41  4:14  SCV  
  44  4:17  Hellion, Marine  
  47  4:24  Hellion  
  47  4:29  Supply Depot  
  47  4:32  Supply Depot  
  47  4:42  Liberator  
  47  4:45  Marine  
  50  4:47  Hellion  
  50  4:51  Hellion  
  55  5:00  Factory  
  55  5:02  SCV x2  
  57  5:14  SCV x2  
  57  5:26  SCV  
Show
View Real Time Build Order
Export as new Build Order

SoberLaaku Zerg - Winner!

Build Orders: Hatch First 

Get SALT Encoding   

  12  0:00  Drone  
  13  0:12  Overlord  
  13  0:20  Drone  
  14  0:32  Drone x2  
  16  0:36  Drone  
  17  0:56  Hatchery  
  16  0:57  Drone  
  17  1:13  Spawning Pool  
  16  1:21  Drone x3  
  19  1:32  Overlord  
  19  1:46  Drone, Extractor  
  19  1:55  Drone  
  19  2:00  Queen  
  22  2:06  Drone  
  23  2:15  Queen  
  23  2:18  Drone x2  
  23  2:20  Overlord  
  27  2:45  Zergling x2  
  27  2:46  Zergling x2  
  27  2:47  Drone  
  27  2:48  Drone x2  
  32  3:03  Hatchery  
  31  3:07  Drone x3  
  31  3:09  Queen  
  35  3:27  Baneling Nest  
  35  3:29  Overlord  
  35  3:30  Drone  
  35  3:31  Drone x3  
  38  3:38  Lair  
  37  3:43  Drone, Extractor  
  37  3:45  Drone x2  
  39  3:51  Queen  
  41  4:00  Drone x3  
  41  4:01  Drone  
  45  4:03  Extractor  
  45  4:05  Zergling x2, Extractor  
  44  4:14  Overlord  
  44  4:17  Queen  
  44  4:18  Drone  
  44  4:19  Drone x3  
  50  4:42  Evolution Chamber  
  49  4:48  Hydralisk Den  
  49  4:49  Overseer  
  48  4:53  Drone x4  
  48  4:54  Drone  
  53  5:10  Drone  
  53  5:11  Drone  
  53  5:12  Infestation Pit  
  53  5:13  Zergling x8  
Tags
 
Add a new tag
Caveats
  • Supply blocks, unpowered buildings, or Contaminate may cause inaccurate times.
  • Supply counts are checked every 10 seconds.